 Dungeon Crawl Stone Soup version 0.30.1-11-g7821555f0a (webtiles) character file.

Game seed: 366163188519574517

2491 lonewolfV2 the Hill Orc Catastrophe (level 9, -6/75 HPs)
             Began as a Hill Orc Fighter on Dec 6, 2023.
             Was an Elder of Qazlal.
             Killed by divine providence
             ... invoked by an orc priest
              (15 damage)
             ... on level 7 of the Dungeon.
             The game lasted 00:12:33 (7501 turns).

lonewolfV2 the Hill Orc Catastrophe (HOFi)          Turns: 7501, Time: 00:12:35

Health: -6/75      AC: 14    Str: 21    XL:     9   Next: 52%
Magic:  15/15      EV:  7    Int:  8    God:    Qazlal [****..]
Gold:   324        SH: 14    Dex: 12    Spells: 8/8 levels left

rFire   . . .        a - +0 war axe
rCold   . . .        u - +0 kite shield
rNeg    . . .        t - +0 chain mail
rPois   .            f - +0 helmet
rElec   .            (no cloak)
rCorr   .            r - +0 pair of gloves
SInv    .            h - +0 pair of boots
Will    .....        (no amulet) Stlth
                     (no ring)
HPRegen 0.32/turn    (no ring)
MPRegen 0.14/turn

%: repel missiles
@: no status effects
A: no striking features
a: Renounce Religion, Convert to Beogh, Upheaval, Elemental Force


You were on level 7 of the Dungeon.
You worshipped Qazlal.
Qazlal was greatly pleased with you.
You visited 1 branch of the dungeon, and saw 7 of its levels.
You also visited: Ossuary.

You collected 324 gold pieces.

Inventory:

Hand Weapons
 a - a +0 war axe (weapon)
Armour
 f - a +0 helmet (worn)
 h - a +0 pair of boots (worn)
 r - a +0 pair of gloves (worn)
 t - a +0 chain mail (worn)
 u - a +0 kite shield (worn)
Wands
 d - a wand of mindburst (6)
 p - a wand of polymorph (12)
Scrolls
 e - 6 scrolls of amnesia
 g - a scroll of teleportation
 i - a scroll of torment
 l - 3 scrolls of enchant armour
 q - 2 scrolls of immolation
 w - a scroll of identify
 y - a scroll of butterflies {unknown}
 z - a scroll of blinking
Potions
 b - a potion of attraction {unknown}
 c - 2 potions of degeneration
 j - 3 potions of flight
 k - a potion of resistance
 m - 3 potions of mutation
 n - 4 potions of brilliance
 o - 2 potions of lignification
 s - a potion of invisibility
 v - a potion of curing
 x - 2 potions of might


   Skills:
 - Level 6.3 Fighting
 - Level 8.0 Axes
 + Level 7.9 Armour
 * Level 6.0 Shields
 - Level 8.3 Invocations


You had 8 spell levels left.
You didn't know any spells.
Your spell library contained the following spells:

 Spells                   Type           Power      Damage    Failure   Level
 Magic Dart               Conj           0%         1d3       99%         1
 Necrotise                Necr           0%         1d4       99%         1
 Call Imp                 Summ           0%         N/A       100%        2
 Cigotuvi's Dreadful Rot  Necr/Pois/Air  0%         N/A       100%        2
 Ensorcelled Hibernation  Hex/Ice        0%         N/A       100%        2
 Poisonous Vapours        Pois/Air       0%         N/A       100%        2
 Searing Ray              Conj           0%         2d4       100%        2
 Mephitic Cloud           Conj/Pois/Air  0%         N/A       100%        3
 Spider Form              Tmut/Pois      0%         N/A       100%        3
 Summon Guardian Golem    Hex/Summ       0%         N/A       100%        3
 Vampiric Draining        Necr           0%         2d6       100%        3
 Anguish                  Hex/Necr       0%         N/A       100%        4
 Animate Dead             Necr           0%         N/A       100%        4
 Dispel Undead            Necr           0%         3d6       100%        4
 Fulminant Prism          Conj/Hex       0%         3d5       100%        4
 Agony                    Necr           0%         N/A       100%        5
 Borgnjor's Vile Clutch   Necr/Erth      0%         N/A       100%        5
 Freezing Cloud           Conj/Ice/Air   0%         6-21      100%        5
 Death Channel            Necr           0%         N/A       100%        6
 Orb of Destruction       Conj           0%         9d5       100%        7
 Spellforged Servitor     Conj/Summ      0%         N/A       100%        7


Dungeon Overview and Level Annotations

Branches:
Dungeon (7/15)             Temple (0/1) D:4         Ossuary (visited)

Altars:
Cheibriados
Okawaru
Qazlal
Wu Jian
Xom
Yredelemnul

Shops:
D:7 *


Message History

You block the steam dragon's attack. x2; The orc priest barely misses you.
The steam dragon bites you but does no damage.
The steam dragon claws you but does no damage.
The orc priest hits you but does no damage.
The orc priest threatens, "By the altar or by the axe, you will meet Beogh!"
You hit the steam dragon.
The steam dragon is lightly wounded.
You barely miss the orc priest. The steam dragon breathes steam at you.
The ball of steam hits you! You block the orc priest's attack.
You hit the steam dragon but do no damage.
The steam dragon is lightly wounded.
You barely miss the orc priest. The steam dragon bites you.
* * * LOW HITPOINT WARNING * * *
The steam dragon claws you but does no damage.
The orc priest closely misses you.
Unknown command.
You hit the steam dragon but do no damage.
The steam dragon is lightly wounded.
You hit the orc priest but do no damage.
The steam dragon is engulfed in blazing flames.
You block the steam dragon's attack. x2; You block the orc priest's attack.
You slash the steam dragon!
The steam dragon is almost dead.
You hit the orc priest.
The steam dragon is engulfed in blazing flames.
You kill the steam dragon!
Qazlal accepts your kill.
The orc priest calls down the wrath of Beogh upon you.
Beogh smites you!
* * * LOW HITPOINT WARNING * * *
Your Shields skill increases to level 6!
You hit the orc priest.
The orc priest is heavily wounded.
The orc priest shouts, "Surrender to Beogh and we'll let you live!"
The orc priest hits you with a +0 trident.
* * * LOW HITPOINT WARNING * * *
The orc priest calls down the wrath of Beogh upon you.
Beogh smites you!
You die...

#.####****#..#
####.#.... #.* #..#
#.#.... *,* #..#
#.#.... *,*
##..#########......
*,*
#..........###.....
*,*
#...######.###.....
####**,* #.○.#
#.#.....)# ....,,,*
#.°.# #.#.#....#
####**** #.@o#
#.#.##.#.# #§))#
#.#.##.#.. #..§#
####.#.##.##. #§..#
#....#....... ##
#...# #.####.##....
.### #.§.#
#.#.##.##...# ...##
#...#*#.#.######...
.#..##
#....,#.#......#.##
###..###
*,,,*,#.#.####.#.#


You could see an orc priest.

Vanquished Creatures
  4 steam dragons
  2 black bears
  An orc warrior (D:7)
  A water moccasin (D:6)
  An ice beast (D:5)
  2 ogres
  2 phantoms
  A kobold brigand (D:6)
  A scorpion (D:6)
  4 jellies
  2 howler monkeys
  A centaur zombie (Ossuary)
  3 hounds
  3 human zombies (Ossuary)
  3 orc priests
  2 gnoll boudas (D:6)
  4 iguanas
  2 sleepcaps
  Natasha (D:3)
  An orc wizard (D:4)
  2 mummies (Ossuary)
  7 gnolls
  5 adders
  4 adder zombies (Ossuary)
  4 worms
  6 dart slugs
  7 orcs
  4 ball pythons
  5 endoplasms
  10 giant cockroaches (D:2)
  6 goblins
  8 hobgoblins
  5 jackals (D:3)
  12 kobolds
  4 quokkas
  4 bats
  3 frilled lizards
  A goblin zombie (Ossuary)
  9 hobgoblin zombies (Ossuary)
  12 kobold zombies (Ossuary)
  6 orc zombies (Ossuary)
  7 rats
  A rat zombie (Ossuary)
173 creatures vanquished.

Vanquished Creatures (others)
  2 gnolls (D:6)
2 creatures vanquished.

Grand Total: 175 creatures vanquished

Notes
Turn   | Place    | Note
-------+----------+-------------------------------------------
     0 | D:1      | lonewolfV2 the Hill Orc Fighter began the quest for the
                  | Orb.
     0 | D:1      | Reached XP level 1. HP: 19/19 MP: 1/1
   170 | D:1      | Reached XP level 2. HP: 25/25 MP: 2/2
   655 | D:2      | Reached XP level 3. HP: 31/34 MP: 3/3
   936 | D:2      | Found a faded altar of an unknown god.
   950 | D:2      | Prayed at the altar of an unknown god.
   950 | D:2      | Became a worshipper of Qazlal Stormbringer
   950 | D:2      | Reached * piety under Qazlal
   972 | D:2      | Reached XP level 4. HP: 40/41 MP: 4/4
  1400 | D:3      | Reached skill level 1 in Invocations
  1446 | D:3      | Reached skill level 5 in Fighting
  1536 | D:3      | Found an iron altar of Okawaru.
  1966 | D:3      | Noticed Natasha
  1976 | D:3      | Killed Natasha
  1977 | D:3      | Reached XP level 5. HP: 26/48 MP: 5/7
  2280 | D:4      | Reached ** piety under Qazlal
  2298 | D:4      | Noticed an ogre
  2308 | D:4      | Killed an ogre
  2309 | D:4      | Reached XP level 6. HP: 45/57 MP: 7/9
  2407 | D:4      | Noticed a black bear
  2426 | D:4      | Killed a black bear
  2427 | D:4      | Reached skill level 5 in Invocations
  2916 | D:4      | Found a staircase to the Ecumenical Temple.
  2951 | D:4      | Reached XP level 7. HP: 58/63 MP: 11/11
  3694 | D:4      | Found an ornate altar of the Wu Jian Council.
  3999 | D:5      | Entered Level 5 of the Dungeon
  4101 | D:5      | Found a shimmering altar of Xom.
  4110 | D:5      | Reached skill level 5 in Armour
  4199 | D:5      | Found a basalt altar of Yredelemnul.
  4577 | D:5      | Reached XP level 8. HP: 29/70 MP: 12/14
  4729 | D:5      | Found a snail-covered altar of Cheibriados.
  5050 | D:6      | Reached skill level 5 in Axes
  5744 | D:6      | Reached *** piety under Qazlal
  5745 | D:6      | Reached XP level 9. HP: 16/75 MP: 15/15
  6415 | D:7      | Found a sand-covered staircase.
  6420 | Ossuary  | Entered an ossuary
  6568 | Ossuary  | Reached **** piety under Qazlal
  6979 | D:7      | Found Taruel's General Store.
  7074 | D:7      | Found a stormy altar of Qazlal.
  7177 | D:7      | Reached skill level 5 in Shields
  7501 | D:7      | Killed from afar by an orc priest

Illustrated notes

Levels and vault maps discovered:
D:1:      onia_arrival_mini_spirals, layout_basic, minmay_misc_feat_rows
D:2:      minmay_roachtagon, layout_basic,
          shapermc_ecumenical_altar_mp_highgroup, serial_park_tiny_2
D:3:      layout_loops_ring, okawaru_trees_2, hangedman_decor_points,
          grunt_ministairs_15, minmay_statues_item, uniq_natasha
D:4:      nicolae_cairo_tiling_very_big, layout_basic,
          nicolae_overflow_crystal_walls, minmay_temple_entry_statues_fountains
D:5:      layout_cave_pools, kennysheep_slug_shrine,
          mainiacjoe_overflow_brackets,
          mainiacjoe_overflow_concentric_impassable,
          chequers_serial_rivers_small_3
D:6:      wander_river, layout_cave_pods, minmay_misc_feat_x
D:7:      layout_basic, mainiacjoe_overflow_small_starburst, enter_ossuary_5,
          serial_shops, nicolae_shop_tiny_waterfront

Skill      XL: |  1  2  3  4  5  6  7  8  9 |
---------------+----------------------------+-----
Fighting       | 4 5 6 |  6.3
Armour         | 4 5 7 |  7.9
Invocations    | 3 4 6 8 |  8.3
Axes           | 7 8 |  8.0
Shields        | 6 |  6.0

Action                     |  1- 3 |  4- 6 |  7- 9 || total
---------------------------+-------+-------+-------++-------
  Melee: War axe           |   102 |   122 |   317 ||   541
    Use: Scroll            |     2 |     7 |     7 ||    16
         Potion            |       |     2 |     5 ||     7
 Armour: Scale mail        |    69 |    79 |     4 ||   152
         Chain mail        |       |       |   183 ||   183
  Dodge: Dodged            |    77 |    77 |   106 ||   260
         Repelled          |       |       |     1 ||     1
  Block: Buckler           |    31 |    59 |    28 ||   118
         Kite shield       |       |       |   201 ||   201
